 Seeded DCSS version 0.27-a0-322-gb8f8a8f698 (webtiles) character file.

Game seed: 9349506858573456347 (custom seed)

420 innerfire43 the Skirmisher (level 6, -2/52 HPs)
             Began as a Demonspawn Wanderer on Feb 10, 2021.
             Was a Follower of Okawaru.
             Slain by a gnoll sergeant
             ... wielding a +2 spear of distortion
              (14 damage)
             ... on level 5 of the Dungeon.
             The game lasted 00:06:44 (4002 turns).

innerfire43 the Skirmisher (Demonspawn Wanderer)    Turns: 4002, Time: 00:06:44

Health: -2/52      AC: 21    Str: 14    XL:     6   Next: 62%
Magic:  6/6        EV:  7    Int: 13    God:    Okawaru [*.....]
Gold:   300        SH:  8    Dex: 13    Spells: 5/5 levels left

rFire    . . .     SeeInvis .   d - +4 dagger (protect)
rCold    + . .     Faith    .   k - +0 kite shield
rNeg     + . .     Spirit   .   f - +0 pearl dragon scales
rPois    .         Reflect  .   (no helmet)
rElec    .         Harm     .   C - +0 cloak {Will+}
rCorr    .         Rampage  .   (no gloves)
Will     +....                  (no boots)
Stlth    ..........             (no amulet)
HPRegen  0.17/turn              x - ring of protection from cold
MPRegen  0.10/turn              (no ring)

@: protection aura
A: molten scales 1, demonic guardian 1, spiny 2
a: Renounce Religion, Heroism


You were on level 5 of the Dungeon.
You worshipped Okawaru.
Okawaru was aware of your devotion.
You visited 1 branch of the dungeon, and saw 5 of its levels.

You collected 300 gold pieces.

Inventory:

Hand Weapons
 a - a +0 dagger
 d - a +4 dagger of protection (weapon)
 y - a +3 quarterstaff of chaos
Missiles
 b - 3 throwing nets (quivered)
 u - 6 poisoned darts
Armour
 e - a +0 leather armour
 f - +0 pearl dragon scales (worn)
 k - a +0 kite shield (worn)
 p - a +0 cloak
 C - a +0 cloak of willpower (worn)
Jewellery
 x - a ring of protection from cold (left hand)
Wands
 s - a wand of acid (7)
Scrolls
 g - 3 scrolls of identify {unknown}
 j - 3 scrolls of amnesia {unknown}
 n - 3 scrolls of immolation {unknown}
 o - 2 scrolls of random uselessness {unknown}
 t - a scroll of magic mapping {unknown}
 v - a scroll of noise {unknown}
 w - a scroll of teleportation {unknown}
Potions
 c - a potion of curing
 h - 2 potions of flight {unknown}
 i - a potion of berserk rage {unknown}
 l - a potion of degeneration {unknown}
 m - a potion of resistance {unknown}
 q - a potion of mutation {unknown}
 r - 2 potions of might {unknown}
 z - a potion of haste {unknown}
 A - a potion of attraction {unknown}
 B - a potion of ambrosia {unknown}


   Skills:
 + Level 6.1 Fighting
 + Level 2.2 Short Blades
 + Level 1.0 Throwing
 + Level 2.8 Armour
 + Level 3.0 Dodging
 + Level 0.2 Stealth
 + Level 2.5 Shields
 + Level 1.0 Unarmed Combat


You had 5 spell levels left.
You didn't know any spells.
Your spell library contained the following spells:

 Spells                   Type           Power        Failure   Level
 Summon Small Mammal      Summ           0%           100%        1
 Call Imp                 Summ           0%           100%        2
 Call Canine Familiar     Summ           0%           100%        3
 Summon Guardian Golem    Hex/Summ       0%           100%        3
 Summon Ice Beast         Ice/Summ       0%           100%        4
 Summon Lightning Spire   Summ/Air       0%           100%        4


Dungeon Overview and Level Annotations

Branches:
Dungeon (5/15)
 Temple: D:4-7

Altars:
Ashenzari
Dithmenos
Elyvilon
Hepliaklqana
Kikubaaqudgha
Nemelex Xobeh
Okawaru
Qazlal
Ru
Sif Muna
The Shining One


Innate Abilities, Weirdness & Mutations

You are partially covered in molten scales. (AC +2)
A weak demonic guardian rushes to your aid.
You are mostly covered in sharp spines.


Message History

You closely miss the gnoll.
The gnoll is severely wounded.
You block the gnoll's attack. You block the gnoll sergeant's attack.
The gnoll is struck by your spines.
You kill the gnoll!
Okawaru accepts your kill.
The gnoll sergeant is struck by your spines.
The gnoll sergeant hits you but does no damage.
Space warps horribly around you!!
You see here a +0 whip.
You are too injured to fight recklessly!
You are too injured to fight recklessly!
You are too injured to fight recklessly!
You are too injured to fight recklessly!
You are too injured to fight recklessly!
You feel better. You block the gnoll sergeant's attack.
You hit the gnoll sergeant.
Your weapon exudes an aura of protection.
The gnoll sergeant is moderately wounded.
You block the gnoll sergeant's attack.
The gnoll sergeant hits you with a +2 spear of distortion!
You are too injured to fight recklessly!
You are too injured to fight recklessly!
You are too injured to fight recklessly!
You are too injured to fight recklessly!
You are too injured to fight recklessly!
You closely miss the gnoll sergeant.
The gnoll sergeant is moderately wounded.
You block the gnoll sergeant's attack.
You hit the gnoll sergeant but do no damage.
The gnoll sergeant is moderately wounded.
The gnoll sergeant hits you but does no damage.
Space warps horribly around you!
* * * LOW HITPOINT WARNING * * *
A demonic guardian appears!
You hit the gnoll sergeant.
The gnoll sergeant is moderately wounded.
The gnoll sergeant hits you but does no damage.
Space warps horribly around you!
You die...

#........###..#
##>.#####.......
######...#
####....
.....(..##
#....# #######.#
#..... ##...#
.....#
#..######..
#.###.....#
#..@gg#
.......5#####
####....# #.####
... ..# ..# #.


You could see a gnoll sergeant, a gnoll and a friendly iron imp (summoned).

Vanquished Creatures
  A scorpion (D:4)
  A howler monkey (D:4)
  An orc priest (D:5)
  Crazy Yiuf (D:4)
  3 worker ants (D:4)
  5 adders
  3 gnolls
  A shadow imp (D:5)
  A white imp (D:5)
  An ooze (D:1)
  An adder zombie (D:5)
  An adder skeleton (D:4)
  3 dart slugs
  2 leopard geckos
  7 orcs
  2 ball pythons (D:3)
  4 bats
  4 giant cockroaches
  14 goblins
  12 hobgoblins
  7 jackals
  6 kobolds
  A quokka (D:3)
  3 frilled lizards
  3 rats
88 creatures vanquished.

Vanquished Creatures (collateral kills)
  Robin (D:4)
  A gnoll (D:3)
  An orc (D:4)
  2 hobgoblins (D:4)
5 creatures vanquished.

Grand Total: 93 creatures vanquished

Notes
Turn   | Place    | Note
-------+----------+-------------------------------------------
     0 | D:1      | innerfire43 the Demonspawn Wanderer began the quest for the
                  | Orb.
     0 | D:1      | innerfire43 set off with the following items: a +0 dagger,
                  | 3 throwing nets, a potion of curing, a potion of
                  | lignification, a +0 leather armour
     0 | D:1      | Reached XP level 1. HP: 21/21 MP: 1/1
   170 | D:1      | Gained mutation: You are partially covered in sharp spines.
                  | [demonic ancestry]
   170 | D:1      | Reached XP level 2. HP: 26/27 MP: 2/2
   818 | D:2      | Gained mutation: A weak demonic guardian rushes to your
                  | aid. [demonic ancestry]
   818 | D:2      | Reached XP level 3. HP: 34/34 MP: 3/3
   903 | D:2      | Found an ancient bone altar of Kikubaaqudgha.
  1247 | D:2      | Found an iron altar of Okawaru.
  1269 | D:2      | Became a worshipper of Warmaster Okawaru
  1451 | D:3      | Gained mutation: You are partially covered in molten
                  | scales. (AC +2) [demonic ancestry]
  1451 | D:3      | Reached XP level 4. HP: 38/40 MP: 4/4
  1489 | D:3      | Reached skill level 1 in Armour
  1626 | D:3      | Found a faded altar of an unknown god.
  1634 | D:3      | Reached skill level 1 in Short Blades
  2220 | D:3      | Reached XP level 5. HP: 45/46 MP: 5/5
  2466 | D:4      | Found a sacrificial altar of Ru.
  2466 | D:4      | Found a hazy altar of Hepliaklqana.
  2467 | D:4      | Found a stormy altar of Qazlal.
  2471 | D:4      | Found a shadowy altar of Dithmenos.
  2475 | D:4      | Found a glowing golden altar of the Shining One.
  2512 | D:4      | Found a broken altar of Ashenzari.
  2684 | D:4      | Noticed Robin
  2719 | D:4      | Found a sparkling altar of Nemelex Xobeh.
  2735 | D:4      | Killed Robin
  2944 | D:4      | Reached * piety under Okawaru
  3043 | D:4      | Found a shimmering blue altar of Sif Muna.
  3219 | D:4      | Reached skill level 6 in Fighting
  3219 | D:4      | Gained mutation: You are mostly covered in sharp spines.
                  | [demonic ancestry]
  3219 | D:4      | Reached XP level 6. HP: 52/52 MP: 6/6
  3275 | D:4      | Found a white marble altar of Elyvilon.
  3359 | D:4      | Found a runed translucent door.
  3360 | D:4      | Noticed Crazy Yiuf
  3524 | D:4      | Killed Crazy Yiuf
  3779 | D:5      | Entered Level 5 of the Dungeon
  4002 | D:5      | Slain by a gnoll sergeant

Illustrated notes

Levels and vault maps discovered:
D:1:      matt_arrival_grand_opening, layout_basic
D:2:      layout_rooms, old_standard_altar, old_standard_altar
D:3:      layout_loops_ring, chequers_ecumenical_altar_simple_redux,
          grunt_decor_arrowhead
D:4:      layout_rooms, nemelex_xobeh_ov_fountains_minmay,
          grunt_temple_overflow_open, lemuel_round_altar,
          nicolae_ashenzari_panopticon, led_sif_pool, skrybe_limestone_x,
          minmay_misc_feat_secret_circle, hangedman_decor_opposing,
          uniq_crazy_yiuf_cottage, uniq_robin
D:5:      layout_rooms, enter_ossuary_4

Skill      XL: |  1  2  3  4  5  6 |
---------------+-------------------+-----
Dodging        | 2 3 |  3.0
Armour         | 1 2 |  2.8
Short Blades   | 1 2 |  2.2
Shields        | 2 |  2.5
Fighting       | 6 |  6.1
Throwing       | |  1.0
Stealth        | |  0.2
Unarmed Combat | |  1.0

Action                   |  1- 3 |  4- 6 || total
-------------------------+-------+-------++-------
Melee: Dagger            |   128 |   179 ||   307
       Punch             |     1 |       ||     1
  Use: Potion            |       |     3 ||     3
Armor: Leather armour    |    10 |       ||    10
       Pearl dragon scal |    57 |   123 ||   180
       Skin              |       |    18 ||    18
Dodge: Dodged            |    34 |    52 ||    86
Block: Kite shield       |    37 |   108 ||   145

Table legend: (Time is in decaauts)
 A = Elapsed time spent in this place.
 B = Non-inter-level travel time spent in this place.
 C = Inter-level travel time spent in this place.
 D = Time resting spent in this place.
 E = Time spent auto-exploring this place.
 F = Levels seen in this place.
 G = Mean time per level.
                   A        B        C        D        E       F      G
               +--------+--------+--------+--------+--------+-----+--------+
         Total |   4038 |   3972 |     66 |      0 |   3167 |   5 |  807.6 |
       Dungeon |   4038 |   3972 |     66 |      0 |   3167 |   5 |  807.6 |
               +--------+--------+--------+--------+--------+-----+--------+

Top non-repeatable levels by time:
     D:4: 1372 daAuts
     D:3: 1090 daAuts
     D:1: 806 daAuts
     D:2: 541 daAuts
     D:5: 227 daAuts
